 Dungeon Crawl Stone Soup version 0.21.1-1-g345015fe64 (webtiles) character file.

50409 Jannitor the Archer (level 14, -2/84 HPs)
             Began as a Deep Elf Arcane Marksman on June 7, 2018.
             Was a High Priest of Okawaru.
             Killed by divine providence
             ... invoked by a smoke demon
              (11 damage)
             ... on level 2 of the Abyss on June 8, 2018.
             The game lasted 01:32:50 (27507 turns).

Jannitor the Archer (Deep Elf Arcane Marksman)     Turns: 27507, Time: 01:32:51

Health: -2/84      AC: 13    Str: 11    XL:     14   Next: 19%
Magic:  37/37      EV: 17    Int: 31    God:    Okawaru [*****.]
Gold:   1373       SH:  0    Dex: 19    Spells: 11/29 levels left

rFire    + + .     SeeInvis .   b - +9 lajatang "Hifih" {slice, rElec}
rCold    + . .     Gourm    .   (shield currently unavailable)
rNeg     . . .     Faith    .   U - +1 ring mail of Spite {*Contam Int+5 Dex+4}
rPois    .         Spirit   .   (helmet restricted)
rElec    +         Reflect  .   (no cloak)
rCorr    .         Harm     .   S - +4 pair of gloves "Riupp" {rF++ rC+ Regen+ Stlth-}
MR       +....                  (no boots)
Stlth    +.........             y - amulet of magic regeneration
HPRegen  1.04/turn              G - +6 ring of intelligence
MPRegen  0.50/turn              k - ring of magical power

@: about to teleport
A: horns 1, regeneration 1
a: Heroism, Finesse, Renounce Religion


You were on level 2 of the Abyss.
You worshipped Okawaru.
Okawaru was extremely pleased with you.
You were not hungry.

You visited 4 branches of the dungeon, and saw 22 of its levels.
You visited the Abyss 1 time.
You also visited: Bailey and Volcano.

You collected 2306 gold pieces.
You spent 933 gold pieces at shops.

Inventory:

Hand Weapons
 a - a +2 longbow of flaming
 b - the +9 lajatang "Hifih" (weapon) {slice, rElec}
   (Okawaru gifted it to you on level 6 of the Lair of Beasts)

   It inflicts extra damage upon your enemies.
   It insulates you from electricity.
 s - a +0 longbow of flaming
 M - a +4 shortbow
 X - a +0 long sword
Missiles
 d - 66 arrows
 u - 30 tomahawks of returning (quivered)
Armour
 o - the +1 leather armour of Royalty {rC+ Dex+6}
   (You bought it in a shop on level 9 of the Dungeon)

   It affects your dexterity (+6).
   It protects you from cold.
 S - the +4 pair of gloves "Riupp" (worn) {rF++ rC+ Regen+ Stlth-}
   (You bought it in a shop on level 8 of the Dungeon)

   It greatly protects you from fire.
   It protects you from cold.
   It increases your rate of regeneration.
   It makes you less stealthy.
 U - the +1 ring mail of Spite (worn) {*Contam Int+5 Dex+4}
   (Okawaru gifted it to you on level 4 of the Lair of Beasts)

   It affects your intelligence (+5).
   It affects your dexterity (+4).
   It causes magical contamination when unequipped.
Jewellery
 i - a cursed ring of loudness {unknown}
 k - a ring of magical power (right hand)
 y - an amulet of magic regeneration (around neck)
 G - a +6 ring of intelligence (left hand)
 J - an uncursed ring of protection from cold
 O - an uncursed ring of flight
Wands
 m - a wand of flame (26)
 t - a wand of random effects (92)
 D - a wand of enslavement (9)
 F - a wand of polymorph (29)
 H - a wand of digging (4)
 I - a wand of paralysis (31)
 K - a wand of disintegration (11)
 T - a wand of scattershot (3)
Scrolls
 g - a scroll of teleportation
 l - 11 scrolls of remove curse
 p - 2 scrolls of amnesia
 v - a scroll of fog
 E - 2 scrolls of fear
 N - a scroll of immolation
 P - 3 scrolls of identify
 Q - a scroll of magic mapping
Potions
 h - a potion of mutation
 j - 5 potions of agility
 q - 3 potions of ambrosia
 r - a potion of cancellation
 x - a potion of magic
 B - a potion of brilliance
 L - a potion of berserk rage
 R - a potion of lignification
 V - a potion of flight
 W - 2 potions of haste
Books
 c - a book of Debilitation

   Spells                             Type                      Level
   a - Corona                         Hexes                        1
   b - Slow                           Hexes                        2
   c - Inner Flame                    Hexes/Fire                   3
   d - Portal Projectile              Hexes/Translocation          3
   e - Cause Fear                     Hexes                        4
   f - Leda's Liquefaction            Hexes/Earth                  4
 e - a book of the Tempests

   Spells                             Type                      Level
   a - Static Discharge               Conjuration/Air              3
   b - Lightning Bolt                 Conjuration/Air              5
   c - Ignition                       Fire                         8
   d - Tornado                        Air                          9
   e - Shatter                        Earth                        9
 n - a book of Minor Magic

   Spells                             Type                      Level
   a - Magic Dart                     Conjuration                  1
   b - Blink                          Translocation                2
   c - Call Imp                       Summoning                    2
   d - Slow                           Hexes                        2
   e - Conjure Flame                  Conjuration/Fire             3
   f - Mephitic Cloud                 Conjuration/Poison/Air       3
 w - a book of Maledictions

   Spells                             Type                      Level
   a - Corona                         Hexes                        1
   b - Ensorcelled Hibernation        Hexes/Ice                    2
   c - Confuse                        Hexes                        3
   d - Tukima's Dance                 Hexes                        3
   e - Dazzling Spray                 Conjuration/Hexes            3
 A - a book of Geomancy

   Spells                             Type                      Level
   a - Sandblast                      Earth                        1
   b - Passwall                       Transmutation/Earth          2
   c - Stone Arrow                    Conjuration/Earth            3
   d - Petrify                        Transmutation/Earth          4
   e - Lee's Rapid Deconstruction     Earth                        5
Comestibles
 f - 37 rations


   Skills:
 - Level 8.5 Fighting
 - Level 6.9 Long Blades
 + Level 4.8 Staves
 - Level 11.1 Bows
 - Level 7.6 Armour
 - Level 10.0 Dodging
 + Level 4.4 Stealth
 - Level 8.4 Spellcasting
 - Level 9.8 Hexes
 - Level 6.1 Translocations
 - Level 3.2 Transmutations
 - Level 1.7 Earth Magic
 - Level 9.2 Invocations


You had 11 spell levels left.
You knew the following spells:

 Your Spells              Type           Power        Failure   Level  Hunger
a - Corona                Hex            ######.      1%          1    None
b - Slow                  Hex            ######..     1%          2    None
c - Blink                 Tloc           N/A          1%          2    None
d - Cause Fear            Hex            ######....   1%          4    None
e - Portal Projectile     Hex/Tloc       ######       1%          3    None
f - Passwall              Tmut/Erth      ####......   4%          2    None
g - Leda's Liquefaction   Hex/Erth       #####.....   8%          4    None


Dungeon Overview and Level Annotations

Branches:
Dungeon (13/15)            Temple (1/1) D:7            Lair (6/6) D:10
  Swamp (0/4) Lair:3        Snake (0/4) Lair:3        Slime (0/5) Lair:6
    Orc (2/2) D:12            Elf (0/3) Orc:2
 Vaults: D:13-14

Altars:
Ashenzari
Cheibriados
Dithmenos
Elyvilon
Fedhas
Gozag
Hepliaklqana
Kikubaaqudgha
Makhleb
Nemelex Xobeh
Okawaru
Qazlal
Ru
Sif Muna
Trog
Uskayaw
Vehumet
Wu Jian
Xom
Yredelemnul
Zin
The Shining One
Beogh

Shops:
D:4 %   D:8 [   D:9 ([=:}   D:12 (   Orc:1 [

Annotations:
D:5 Edmund; Sigmund
D:6 Gargoyl's ghost, novice CeAK
Lair:4 Dommiel19's ghost, journeyman TrBe
Lair:6 1 runed door, exclusion: oklob plant


Innate Abilities, Weirdness & Mutations

You have a pair of small horns on your head.
Your natural rate of healing is unusually fast.


Message History

The insubstantial wisp closely misses you.
An insubstantial wisp comes into view.
The insubstantial wisp blinks! x2
The wretched star glows turbulently.
The orb of energy hits you!
* * * LOW HITPOINT WARNING * * *
The orb of energy explodes!
The mystic blast hits the large abomination.
Unknown command.
You feel less invigorated.
You feel less confused. The large abomination hits you!
* * * LOW HITPOINT WARNING * * *
Unknown command.
The large abomination hits you but does no damage.
Unknown command.
An insubstantial wisp comes into view.
The smoke demon gestures at you. Something smites you!
You die...

.. #..#§.....# # . ...
#..§..#.# # .. #
..#=#.§.#.#### ###
..##...##....#.#..##..
.....##3....... ##v v
. ##.##..*v#......#..
...
........#v.......#. .#
.#.#.##X...vv........
# #..@...#.##.........
#.######.#...........
# #.###..#.... .# ..
...#. ..#.. #.
...##..#..# ...# .#...
#


You could see a wretched star, a large abomination, a smoke demon and 4
insubstantial wisps.

Vanquished Creatures
  A tentacled starspawn (Abyss:2)
  Nessos (Orc:2)
  Azrael (D:12)
  An ettin (Orc:1)
  2 hydras
  A centaur warrior (D:13)
  3 two-headed ogres
  Sonja (D:12)
  A glowing orange brain (Abyss:2)
  A lindwurm (Lair:6)
  An orc knight (Orc:1)
  A cyclops (D:11)
  2 orc sorcerers
  A manticore (Lair:6)
  2 black mambas
  5 torpor snails (Lair:6)
  A gargoyle (D:13)
  9 spiny frogs
  Psyche (D:12)
  5 komodo dragons
  A queen bee (Lair:3)
  9 polar bears (Lair:6)
  2 red devils (Volcano)
  4 trolls
  6 tyrant leeches
  6 hornets (Lair:6)
  4 raiju
  20 blink frogs
  3 hippogriffs
  A dream sheep (Lair:6)
  A spriggan (D:9)
  3 wyverns
  A ynoxinul (Abyss:2)
  3 fire elementals (D:12)
  14 yaks
  2 basilisks
  6 vampire mosquitoes (D:12)
  2 hungry ghosts
  Grum (D:10)
  7 wargs
  A soldier ant (D:11)
  A swamp worm (Lair:3)
  A naga (Lair:3)
  11 water moccasins
  20 hell hounds
  10 porcupines
  A large abomination (Abyss:2)
  3 sky beasts
  13 black bears
  A necrophage (D:6)
  17 orc warriors
  2 phantoms
  9 ogres
  An eye of draining (Abyss:2)
  20 wolves
  3 centaurs
  8 crocodiles
  A big kobold (D:8)
  12 bullfrogs
  A wyvern zombie (D:7)
  6 scorpions
  22 killer bees
  5 jellies
  2 howler monkeys (D:11)
  4 starcursed masses (Abyss:2)
  3 crimson imps
  A centaur zombie (D:7)
  A bullfrog skeleton (D:4)
  18 orc wizards
  A centaur skeleton (D:4)
  14 orc priests
  5 hounds
  An iron imp (Abyss:2)
  3 iguanas
  Terence (D:2)
  5 hell rats (Lair:3)
  6 worker ants
  A killer bee zombie (D:10)
  A hound zombie (D:7)
  2 hound skeletons
  A worker ant zombie (D:10)
  15 adders
  6 gnolls
  2 shadow imps
  An ooze (Lair:6)
  An adder zombie (D:6)
  3 worms
  5 dart slugs
  3 leopard geckos
  62 orcs
  5 giant cockroaches
  12 goblins
  7 hobgoblins
  8 jackals
  21 kobolds
  4 quokkas
  A ball python (D:2)
  2 bats
  3 frilled lizards
  9 rats
  A fungus (Lair:5)
547 creatures vanquished.

Vanquished Creatures (collateral kills)
  An orc warrior (Bailey)
  2 gnolls (Bailey)
3 creatures vanquished.

Vanquished Creatures (others)
  A troll (Orc:2)
  An orc (Orc:2)
  6 fungi
  A lurking horror (Abyss:2)
  24 plants
  2 starspawn tentacles (Abyss:2)
35 creatures vanquished.

Grand Total: 585 creatures vanquished

Notes
Turn   | Place    | Note
-------+----------+-------------------------------------------
     0 | D:1      | Jannitor the Deep Elf Arcane Marksman began the quest for the Orb.
     0 | D:1      | Reached XP level 1. HP: 11/11 MP: 5/5
   120 | D:1      | Reached skill level 1 in Fighting
   165 | D:1      | Reached XP level 2. HP: 16/16 MP: 4/6
   259 | D:1      | Found a shattered altar of Ashenzari.
   477 | D:2      | Found a white marble altar of Elyvilon.
   510 | D:2      | Found a blossoming altar of Fedhas.
   566 | D:1      | Reached XP level 3. HP: 16/20 MP: 6/8
   570 | D:1      | Learned a level 2 spell: Slow
   726 | D:2      | Learned a level 2 spell: Blink
   988 | D:2      | Noticed Terence
  1359 | D:2      | Reached XP level 4. HP: 17/25 MP: 7/9
  1526 | D:2      | Reached skill level 3 in Bows
  1557 | D:2      | Killed Terence
  1557 | D:2      | Reached skill level 1 in Translocations
  2085 | D:3      | HP: 1/26 [gnoll/flail (14)]
  2604 | D:3      | Reached skill level 5 in Hexes
  2604 | D:3      | Reached XP level 5. HP: 28/30 MP: 5/10
  3291 | D:4      | Found Etocsaph's Food Shop.
  3347 | D:4      | Found a radiant altar of Vehumet.
  3347 | D:4      | Found a hazy altar of Hepliaklqana.
  3562 | D:4      | Noticed an ogre
  3608 | D:4      | Reached XP level 6. HP: 35/35 MP: 4/11
  3737 | D:4      | Reached skill level 4 in Bows
  4587 | D:5      | Entered Level 5 of the Dungeon
  4802 | D:5      | Noticed a sky beast
  4806 | D:5      | Found a bloodstained altar of Trog.
  5066 | D:6      | Noticed Gargoyl's ghost (novice CeAK)
  5100 | D:5      | Gained mutation: Your natural rate of healing is unusually fast. [potion of mutation]
  5100 | D:5      | Gained mutation: You have a pair of small horns on your head. [potion of mutation]
  5210 | D:4      | Reached XP level 7. HP: 22/40 MP: 6/12
  5685 | D:5      | Reached skill level 5 in Dodging
  5786 | D:5      | Noticed Sigmund
  5934 | D:5      | Noticed Edmund
  6217 | D:6      | Reached XP level 8. HP: 27/46 MP: 7/16
  6560 | D:6      | Reached skill level 5 in Bows
  6599 | D:6      | You fall through a shaft for 3 floors!
  6599 | D:9      | Found Bopeh's Antique Armour Emporium.
  6599 | D:9      | Found Qozin's Jewellery Boutique.
  6600 | D:9      | Found Liczueju's Gadget Emporium.
  6602 | D:9      | Found a blossoming altar of Fedhas.
  6606 | D:9      | Bought a scorched leather armour for 224 gold pieces
  6616 | D:9      | Identified the +1 leather armour of Royalty {rC+ Dex+6} (You bought it in a shop on level 9 of the Dungeon)
  6738 | D:8      | Reached skill level 1 in Armour
  6750 | D:8      | Found a hazy altar of Hepliaklqana.
  6931 | D:7      | Reached skill level 5 in Spellcasting
  7103 | D:7      | Found a flagged portal.
  7122 | Bailey   | Entered a bailey
  7334 | Bailey   | Noticed an orc knight
  7643 | D:7      | Found a blossoming altar of Fedhas.
  7719 | D:6      | Reached XP level 9. HP: 46/52 MP: 19/19
  8034 | D:7      | Found a staircase to the Ecumenical Temple.
  8040 | Temple   | Entered the Ecumenical Temple
  8125 | Temple   | Became a worshipper of Warmaster Okawaru
  8412 | D:7      | Reached skill level 1 in Long Blades
  8412 | D:7      | Reached skill level 5 in Translocations
  9188 | D:8      | Found Noofei's Armour Shoppe.
  9331 | D:9      | Noticed a two-headed ogre
  9432 | D:8      | Killed a two-headed ogre
  9432 | D:8      | Reached * piety under Okawaru
  9432 | D:8      | Reached ** piety under Okawaru
  9432 | D:8      | Reached skill level 6 in Bows
  9485 | D:9      | Found Okyirou's Weapon Emporium.
  9563 | D:9      | Noticed a two-headed ogre
  9587 | D:9      | Found Zezxasum's Book Boutique.
  9770 | D:9      | Killed a two-headed ogre
  9770 | D:9      | Reached *** piety under Okawaru
  9770 | D:9      | Reached XP level 10. HP: 58/58 MP: 22/22
  9844 | D:9      | Found a hide-covered altar of Uskayaw.
  9859 | D:9      | Found a deep blue altar of Sif Muna.
  9962 | D:9      | Learned a level 4 spell: Cause Fear
  9966 | D:9      | Learned a level 3 spell: Portal Projectile
 10010 | D:9      | Learned a level 2 spell: Passwall
 10015 | D:9      | Learned a level 4 spell: Leda's Liquefaction
 10175 | D:10     | Entered Level 10 of the Dungeon
 10183 | D:10     | Noticed Grum
 10423 | D:10     | Killed Grum
 10620 | D:10     | Found a staircase to the Lair.
 10691 | D:10     | Found a burning altar of Makhleb.
 10778 | D:10     | Noticed a two-headed ogre
 10809 | D:10     | Reached skill level 5 in Fighting
 10826 | D:10     | Killed a two-headed ogre
 10826 | D:10     | Reached skill level 7 in Bows
 10999 | D:10     | Reached **** piety under Okawaru
 11830 | D:11     | Noticed a cyclops
 12585 | D:11     | Received a gift from Okawaru
 12761 | D:11     | Killed a cyclops
 13100 | D:12     | Noticed Sonja
 13168 | Lair:1   | Entered Level 1 of the Lair of Beasts
 13252 | Lair:1   | Reached XP level 11. HP: 49/64 MP: 25/25
 14177 | Lair:2   | Reached ***** piety under Okawaru
 14177 | Lair:2   | Reached skill level 1 in Transmutations
 14361 | Lair:2   | Reached skill level 8 in Bows
 14682 | Lair:2   | Received a gift from Okawaru
 15633 | Lair:3   | Found a staircase to the Snake Pit.
 15696 | Lair:3   | You fall through a shaft for 3 floors!
 15696 | Lair:6   | Entered Level 6 of the Lair of Beasts
 15722 | Lair:6   | Noticed an oklob plant
 15839 | Lair:6   | Received a gift from Okawaru
 15839 | Lair:6   | Reached skill level 5 in Long Blades
 15990 | Lair:6   | Reached skill level 5 in Armour
 16470 | Lair:4   | Noticed Dommiel19's ghost (journeyman TrBe)
 16522 | Lair:4   | Noticed a five-headed hydra
 16546 | Lair:4   | Killed a five-headed hydra
 16546 | Lair:4   | Received a gift from Okawaru
 16546 | Lair:4   | Reached skill level 1 in Earth Magic
 16549 | Lair:4   | Got a jewelled ring mail {god gift}
 16560 | Lair:4   | Identified the +1 ring mail of Spite {*Contam Int+5 Dex+4} (Okawaru gifted it to you on level 4 of the Lair of Beasts)
 16616 | Lair:4   | Found a dark tunnel.
 16621 | Volcano  | Entered a volcano
 16663 | Volcano  | Reached XP level 12. HP: 50/71 MP: 26/26
 16983 | D:8      | Bought the +4 pair of gloves "Riupp" {rF++ rC+ Regen+ Stlth-} for 709 gold pieces
 17452 | Lair:3   | Found a staircase to the Swamp.
 17654 | Lair:3   | Reached skill level 1 in Invocations
 18078 | Lair:3   | Reached skill level 9 in Bows
 18417 | Lair:4   | Reached skill level 10 in Dodging
 18643 | Lair:5   | Noticed a four-headed hydra
 18649 | Lair:5   | Killed a four-headed hydra
 19630 | Lair:6   | Reached skill level 5 in Invocations
 19746 | Lair:6   | Received a gift from Okawaru
 20181 | Lair:6   | Found a staircase to the Slime Pits.
 20326 | Lair:6   | Reached XP level 13. HP: 76/76 MP: 27/27
 20498 | Lair:6   | Paralysed by a hornet for 2 turns
 20557 | Lair:6   | Found a runed door.
 20567 | Lair:6   | Paralysed by a hornet for 3 turns
 20653 | Lair:6   | Received a gift from Okawaru
 20656 | Lair:6   | Got a bloodstained lajatang {god gift}
 20657 | Lair:6   | Identified the +9 lajatang "Hifih" {slice, rElec} (Okawaru gifted it to you on level 6 of the Lair of Beasts)
 20764 | Lair:6   | Reached skill level 10 in Bows
 21213 | Lair:6   | Reached skill level 1 in Staves
 22499 | Lair:6   | Received a gift from Okawaru
 22512 | Lair:6   | Got a pitted crystal plate armour {god gift}
 22513 | Lair:6   | Identified the +10 crystal plate armour of Ifonumedd {+Fly rC- Dex+7} (Okawaru gifted it to you on level 6 of the Lair of Beasts)
 23891 | D:12     | Killed Sonja
 23969 | D:12     | Found a staircase to the Orcish Mines.
 24051 | D:12     | Noticed Azrael
 24086 | D:12     | Killed Azrael
 24176 | D:12     | Found Mube's Antique Weapon Emporium.
 24212 | D:12     | Noticed Psyche
 24218 | D:12     | Killed Psyche
 25028 | Orc:1    | Entered Level 1 of the Orcish Mines
 25293 | Orc:1    | Found a roughly hewn altar of Beogh.
 25435 | Orc:2    | Entered Level 2 of the Orcish Mines
 26264 | Orc:2    | Found a staircase to the Elven Halls.
 26264 | Orc:2    | Noticed Nessos
 26286 | Orc:2    | Killed Nessos
 26286 | Orc:2    | Reached skill level 11 in Bows
 26286 | Orc:2    | Reached XP level 14. HP: 73/84 MP: 28/28
 26321 | Orc:2    | Noticed an orc warlord
 26531 | Orc:1    | Found Eryrr's Armour Shoppe.
 26972 | Orc:2    | Cast into level 2 of the Abyss (orc warlord)
 27009 | Abyss:2  | Found a corrupted altar of Lugonu.
 27027 | Abyss:2  | Reached skill level 1 in Stealth
 27046 | Abyss:2  | Noticed a tentacled starspawn
 27055 | Abyss:2  | Killed a tentacled starspawn
 27055 | Abyss:2  | Received a gift from Okawaru
 27220 | Abyss:2  | Noticed a tentacled starspawn
 27226 | Abyss:2  | Found a corrupted altar of Lugonu.
 27383 | Abyss:2  | Noticed a starcursed mass
 27507 | Abyss:2  | Killed from afar by a smoke demon

Skill      XL: |  1  2  3  4  5  6  7  8  9 10 11 12 13 14 |
---------------+-------------------------------------------+-----
Fighting       | 1 2 3 4 5 6 7 8 |  8.5
Spellcasting   | 2 4 5 6 8 |  8.4
Dodging        | 3 4 5 6 7 8 9 10 | 10.0
Bows           | 3 4 5 6 7 8 9 11 | 11.1
Translocations | 1 2 3 4 6 |  6.1
Hexes          | 5 6 7 8 9 |  9.8
Armour         | 1 3 4 5 6 7 |  7.6
Long Blades    | 2 3 5 6 |  6.9
Transmutations | 3 |  3.2
Earth Magic    | 1 |  1.7
Invocations    | 6 9 |  9.2
Staves         | 4 |  4.8
Stealth        | 4 |  4.4

Action                   |  1- 3 |  4- 6 |  7- 9 | 10-12 | 13-15 || total
-------------------------+-------+-------+-------+-------+-------++-------
Melee: Unarmed           |     3 |    61 |       |       |       ||    64
       Long sword        |       |    43 |   207 |    11 |       ||   261
       Headbutt          |       |     4 |    64 |     4 |    59 ||   131
       Lajatang          |       |       |       |       |   266 ||   266
 Fire: Shortbow          |    80 |   141 |   174 |   799 |       ||  1194
       Longbow           |       |       |       |   489 |   707 ||  1196
Throw: Tomahawk          |       |       |    18 |       |     2 ||    20
 Cast: Corona            |    28 |    53 |    74 |    45 |       ||   200
       Slow              |     9 |    45 |    62 |    64 |    35 ||   215
       Blink             |     1 |       |     4 |    18 |    11 ||    34
       Cause Fear        |       |       |       |    62 |    34 ||    96
       Portal Projectile |       |       |       |       |     2 ||     2
       Leda's Liquefacti |       |       |       |       |     1 ||     1
Invok: Heroism           |       |       |       |     8 |     8 ||    16
       Finesse           |       |       |       |       |     4 ||     4
Evoke: Wand              |       |       |    11 |     2 |     7 ||    20
  Use: Potion            |     3 |     5 |     5 |     7 |     7 ||    27
       Scroll            |       |     8 |     9 |    13 |    11 ||    41
 Stab: Invisible         |       |       |     2 |       |       ||     2
       Sleeping          |       |       |     2 |       |       ||     2
       Paralysed         |       |       |       |       |     4 ||     4
  Eat: Chunk             |     2 |    12 |    14 |    21 |    19 ||    68
       Ration            |       |     1 |     1 |     4 |     2 ||     8
Armor: Robe              |    13 |     9 |     6 |       |       ||    28
       Skin              |     3 |     4 |     2 |       |       ||     9
       Leather armour    |       |       |    48 |    30 |       ||    78
       Ring mail         |       |       |       |    85 |   246 ||   331
Dodge: Dodged            |    33 |   101 |   328 |   512 |   691 ||  1665
       Rpst.: Long sword |       |    11 |    56 |     2 |       ||    69
